Map: Invader LE

Players

Kas

  • Race: Terran Terran
  • League: Grandmaster

LiquidTLO (TLO) - Winner!

  • Race: Zerg Zerg
  • League: Grandmaster

VOD

Have the link to the VOD?

Description

Time

  • Played on: July 2, 2016, 4:33 p.m.
  • Length: 6:39
Show
View Real Time Build Order
Export as new Build Order

Kas Terran 

Build Orders:  

Get SALT Encoding   

  12  0:01  SCV  
  13  0:13  SCV  
  14  0:17  Supply Depot  
  14  0:25  SCV  
  15  0:39  SCV  
  15  0:40  Barracks  
  16  0:43  Refinery  
  16  0:51  SCV  
  17  1:03  SCV  
  18  1:15  SCV  
  19  1:27  Barracks Reactor, Orbital Command  
  19  1:40  Command Center  
  19  1:48  Supply Depot  
  19  1:53  SCV  
  20  2:04  Marine x2  
  20  2:07  SCV  
  23  2:11  Factory  
  23  2:19  SCV  
  23  2:22  Marine x2  
  26  2:24  Refinery  
  26  2:31  SCV  
  27  2:39  Marine x2  
  27  2:44  SCV  
  30  2:53  Orbital Command  
  30  2:56  SCV  
  30  2:57  Marine x2  
  33  2:59  Factory Reactor  
  33  3:04  Starport  
  33  3:10  SCV  
  34  3:15  Marine x2  
  34  3:19  SCV  
  37  3:23  SCV  
  38  3:31  Supply Depot  
  38  3:32  SCV  
  38  3:33  Marine x2  
  41  3:38  SCV  
  42  3:44  SCV  
  42  3:46  Widow Mine  
  45  3:52  Medivac x2  
  42  4:05  Marine x2  
  42  4:06  SCV, Liberator  
  44  4:10  Bunker, SCV  
  44  4:19  Supply Depot  
  44  4:21  Factory Reactor  
  44  4:22  SCV  
  44  4:23  Marine x2  
  50  4:26  SCV  
  51  4:34  SCV  
  51  4:37  Command Center  
  51  4:38  SCV  
  53  4:41  Supply Depot, Marine x2  
  55  4:47  Barracks, SCV  
  55  4:51  SCV  
  57  4:58  Liberator x2  
  57  4:59  SCV  
  54  5:08  SCV  
  54  5:09  Marine x2  
  54  5:13  Barracks  
  54  5:14  Barracks  
  54  5:17  Factory Tech Lab  
  54  5:18  SCV  
  54  5:20  Refinery  
  61  5:21  Refinery  
  61  5:22  SCV  
  62  5:30  Marine x2  
  62  5:31  SCV  
  59  5:37  SCV  
  59  5:39  Siege Tank  
  59  5:41  Barracks Tech Lab  
  63  5:43  SCV  
  63  5:48  Marine  
  63  5:49  SCV  
  65  5:50  Marine  
  65  5:53  SCV  
  65  5:59  SCV  
  59  6:06  Marine  
  59  6:08  Marine  
  59  6:09  Marine x2  
  57  6:13  SCV  
  57  6:17  Marine, Marauder  
Show
View Real Time Build Order
Export as new Build Order

LiquidTLO Zerg - Winner!

Build Orders: Hatch First 

Get SALT Encoding   

  12  0:01  Drone  
  13  0:13  Overlord  
  13  0:17  Drone  
  14  0:31  Drone x2  
  16  0:37  Drone  
  17  0:53  Hatchery  
  17  0:55  Drone  
  17  0:59  Drone  
  17  1:01  Extractor  
  17  1:15  Spawning Pool  
  16  1:21  Drone  
  16  1:22  Drone  
  18  1:28  Drone  
  19  1:41  Overlord  
  19  2:01  Zergling x2  
  19  2:02  Metabolic Boost, Queen  
  19  2:05  Queen  
  24  2:10  Drone x2  
  26  2:27  Hatchery  
  25  2:31  Drone  
  25  2:32  Drone  
  27  2:37  Drone x2  
  27  2:43  Overlord  
  29  2:45  Drone  
  30  2:52  Queen  
  30  2:57  Zergling x2  
  33  2:59  Drone  
  33  3:00  Zergling x2  
  33  3:01  Zergling x2  
  36  3:05  Zergling x2  
  36  3:10  Zergling x2  
  36  3:11  Zergling x4  
  36  3:12  Zergling x2  
  40  3:20  Roach Warren  
  40  3:21  Zergling x2  
  40  3:22  Zergling x2  
  41  3:28  Drone  
  41  3:30  Extractor  
  41  3:31  Drone  
  42  3:40  Drone  
  43  3:43  Drone  
  43  3:47  Drone  
  45  3:51  Drone x2  
  45  3:54  Drone x2  
  47  3:58  Drone x2  
  47  3:59  Drone  
  47  4:01  Drone  
  47  4:02  Drone x2  
  45  4:12  Overlord  
  45  4:13  Roach x2  
  49  4:21  Extractor  
  49  4:22  Overlord  
  49  4:23  Roach  
  49  4:24  Overlord  
  50  4:28  Spine Crawler  
  49  4:33  Ravager  
  49  4:35  Drone  
  49  4:38  Drone x4  
  54  4:39  Ravager  
  54  4:43  Overlord  
  57  4:45  Ravager  
  57  4:46  Zergling x4  
  57  4:47  Zergling x4  
  57  4:49  Zergling x2  
  57  4:51  Zergling x2  
  63  4:53  Zergling x2  
  63  4:55  Zergling x2  
  63  4:58  Zergling x2  
  66  5:02  Roach x2  
  66  5:05  Roach  
  66  5:06  Roach  
  74  5:11  Overlord  
  74  5:13  Zergling x4  
  76  5:15  Roach  
  76  5:21  Roach x2  
  81  5:33  Roach  
  81  5:34  Roach x2  
  84  5:36  Overlord  
  84  5:38  Overlord  
  84  5:41  Roach x2  
  88  5:44  Roach  
  88  5:51  Overlord  
  88  5:53  Ravager  
  88  5:57  Roach  
  88  5:58  Roach  
  88  5:59  Ravager  
  88  6:02  Roach  
  91  6:08  Roach x2  
  90  6:12  Zergling x2, Ravager  
  90  6:13  Zergling x2  
  90  6:14  Zergling x4  
  90  6:15  Zergling x6  
  90  6:16  Zergling x2, Roach  
  97  6:35  Evolution Chamber  
  97  6:36  Evolution Chamber  
Tags
 
Add a new tag
Caveats
  • Supply blocks, unpowered buildings, or Contaminate may cause inaccurate times.
  • Supply counts are checked every 10 seconds.